 Dungeon Crawl Stone Soup version 0.29-a0-11-ga75d3d97ab (webtiles) character file.

Game seed: 14119712517820762680

1565 kae the Ruffian (level 8, -15/79 HPs)
             Began as a Pale Draconian Transmuter on Jan 28, 2022.
             Demolished by a red ugly thing (22 damage)
             ... on level 6 of the Dungeon.
             The game lasted 00:06:24 (9504 turns).

kae the Ruffian (Pale Draconian Transmuter)         Turns: 9504, Time: 00:06:24

Health: -15/79     AC:  7    Str: 14    XL:     8   Next: 59%
Magic:  5/13       EV: 10    Int: 15    God:
Gold:   497        SH:  0    Dex: 11    Spells: 6/14 levels left

rFire   x . .      SeeInvis .     - Unarmed
rCold   + + +      Faith    .   (shield currently unavailable)
rNeg    . . .      Spirit   .   (armour unavailable)
rPois   +          Reflect  .   (helmet currently unavailable)
rElec   .          Harm     .   (cloak currently unavailable)
rCorr   .          Rampage  .   (gloves currently unavailable)
Will    .....                   (boots currently unavailable)
Stlth   +.........              (no amulet)
HPRegen 0.23/turn               (no ring)
MPRegen 0.13/turn               (no ring)

@: ice-form, very slightly contaminated
A: freezing attack, amphibious, boosted hp, (breathe steam), AC +6, large,
unfitting armour, (cold-blooded), (steam resistance)
a: End Transformation


You were on level 6 of the Dungeon.
You were a creature of crystalline ice.
You visited 1 branch of the dungeon, and saw 6 of its levels.
You also visited: Ossuary.

You collected 497 gold pieces.

Inventory:

Wands
 g - a wand of flame (16)
Scrolls
 c - 2 scrolls of amnesia
 d - 2 scrolls of enchant armour
Potions
 a - a potion of flight
 e - 2 potions of magic
 f - a potion of haste
 h - 3 potions of brilliance
 i - 3 potions of curing
 l - 2 potions of lignification
 m - 2 potions of heal wounds
 n - a potion of ambrosia {unknown}
 o - a potion of mutation {unknown}
 p - a potion of attraction {unknown}
 q - a potion of might {unknown}


   Skills:
 + Level 3.9 Fighting
 + Level 3.6 Dodging
 * Level 6.0 Unarmed Combat
 + Level 3.8 Spellcasting
 * Level 5.4 Transmutations
 * Level 4.1 Ice Magic
 - Level 2.0 Poison Magic


You had 6 spell levels left.
You knew the following spells:

 Your Spells              Type           Power      Damage    Failure   Level
a - Beastly Appendage     Tmut           38%        N/A       1%          1
b - Spider Form           Tmut/Pois      14%        N/A       12%         3
c - Ice Form              Ice/Tmut       17%        N/A       26%         4

Your spell library contained the following spells:

 Spells                   Type           Power      Damage    Failure   Level
 Wereblood                Tmut           19%        N/A       3%          2
 Passwall                 Tmut/Erth      9%         N/A       9%          2
 Ensorcelled Hibernation  Hex/Ice        18%        N/A       12%         2
 Sandblast                Erth           4%         2d4       19%         1
 Shock                    Conj/Air       8%         1d3       19%         1
 Corpse Rot               Necr/Air       4%         N/A       28%         2
 Sublimation of Blood     Necr           2%         N/A       28%         2
 Stone Arrow              Conj/Erth      4%         3d7       50%         3
 Swiftness                Air            2%         N/A       50%         3
 Airstrike                Air            1%         N/A       88%         4
 Animate Dead             Necr           1%         N/A       88%         4
 Dispel Undead            Necr           2%         3d7       88%         4
 Borgnjor's Vile Clutch   Necr/Erth      1%         N/A       99%         5
 Death Channel            Necr           1%         N/A       100%        6
 Summon Hydra             Summ           1%         N/A       100%        7


Dungeon Overview and Level Annotations

Branches:
Dungeon (6/15)            Ossuary (visited)
 Temple: D:4-7

Altars:

Annotations:
D:1 exclusion: downstairs


Innate Abilities, Weirdness & Mutations

You are a creature of crystalline ice.
You have a powerful freezing melee attack.
You are amphibious.
Your maximum health is increased.
Your armour is entirely melded.
You are incapable of wielding weapons or throwing items.
((You can breathe blasts of scalding, opaque steam.))
((Your pale cyan-grey scales are hard. (AC +6)))
You cannot fit into any form of body armour.
((You are cold-blooded and may be slowed by cold attacks.))
((You are immune to the effects of steam.))


Message History

Unknown command.
Unknown command.
Aiming: Breathe Steam (1% risk of failure)
Press: ? - help, Shift-Dir - straight line, f - red ugly thing
Aim: a red ugly thing (71% to hit)
You exhale a blast of scalding steam.
The ball of steam hits the red ugly thing.
The red ugly thing resists.
The red ugly thing is lightly wounded.
Casting: Spider Form (dangerous; 12% risk of failure)
Confirm with . or Enter, or press ? or * to list all spells.
The spell is quite dangerous to miscast (26% risk of failure)!
Continue anyway? [Y]es or [N]o only, please.
The spell is quite dangerous to miscast (26% risk of failure)!
Continue anyway?
You miscast Ice Form.
You are very lightly contaminated with residual magic.
Nothing appears to happen.
The red ugly thing trunk-slaps you!
You are engulfed in flames!!
Casting: Ice Form (quite dangerous; 26% risk of failure)
Confirm with . or Enter, or press ? or * to list all spells.
The spell is quite dangerous to miscast (26% risk of failure)!
Continue anyway? [Y]es or [N]o only, please.
The spell is quite dangerous to miscast (26% risk of failure)!
Continue anyway?
You turn into a creature of crystalline ice.
The red ugly thing trunk-slaps you but does no damage.
You punch the red ugly thing! You freeze the red ugly thing.
The red ugly thing is lightly wounded.
The red ugly thing trunk-slaps you!
You are engulfed in flames!!
The fire burns you terribly!
* * * LOW HITPOINT WARNING * * *
You hit the red ugly thing. You freeze the red ugly thing.
The red ugly thing is moderately wounded.
The red ugly thing trunk-slaps you but does no damage.
You punch the red ugly thing! You freeze the red ugly thing.
The red ugly thing is heavily wounded.
You have got your breath back.
The red ugly thing trunk-slaps you!
* * * LOW HITPOINT WARNING * * *
You are engulfed in flames!!
The fire burns you terribly!
You die...

####################
#..........Yu.ยง....#
#.......##########.#
#.......# #.#
######'## #u####
######.#########
#....#
...............>#
####u#
###.###.......... ..#
#.......#### #.##
#.......# #u


You could see a red ugly thing.

Vanquished Creatures
  A water moccasin (D:6)
  A sky beast (D:6)
  3 ice beasts
  2 ogres (D:6)
  A phantom (D:5)
  A bullfrog (D:6)
  2 scorpions
  2 water moccasin zombies (D:6)
  A centaur zombie (D:6)
  2 orc priests (D:5)
  Natasha (thrice) (D:1)
  An orc wizard (D:4)
  A hound skeleton (D:4)
  8 mummies (Ossuary)
  7 gnolls
  8 adders
  An adder skeleton (D:4)
  3 worms
  A dart slug (D:2)
  13 orcs
  8 bats
  6 endoplasms
  4 giant cockroaches
  3 gnoll zombies (Ossuary)
  13 goblins
  2 hobgoblins
  5 kobolds
  4 quokkas
  4 ball pythons
  3 frilled lizards
  3 hobgoblin zombies (Ossuary)
  2 kobold zombies (Ossuary)
  8 rats
127 creatures vanquished.

Notes
Turn   | Place    | Note
-------+----------+-------------------------------------------
     0 | D:1      | kae the Draconian Transmuter began the quest for the Orb.
     0 | D:1      | Reached XP level 1. HP: 16/16 MP: 3/3
   210 | D:1      | Reached XP level 2. HP: 23/23 MP: 3/5
   821 | D:2      | Noticed Natasha
   825 | D:2      | Noticed a crimson imp
   828 | D:2      | Reached XP level 3. HP: 20/28 MP: 4/6
   854 | D:1      | Killed Natasha
   937 | D:1      | Noticed Natasha
   944 | D:1      | Learned a level 3 spell: Spider Form
  1096 | D:2      | Found a faded altar of an unknown god.
  1341 | D:2      | Reached XP level 4. HP: 36/36 MP: 7/7
  1872 | D:2      | Reached skill level 1 in Poison Magic
  2228 | D:1      | Killed Natasha
  2229 | D:1      | Reached skill level 4 in Unarmed Combat
  2229 | D:1      | Reached XP level 5. HP: 41/41 MP: 4/8
  2815 | D:1      | Noticed Natasha
  2823 | D:1      | Killed Natasha
  3511 | D:2      | Learned a level 4 spell: Ice Form
  5732 | D:3      | Reached XP level 6. HP: 49/49 MP: 8/10
  5904 | D:4      | Reached skill level 1 in Ice Magic
  6022 | D:4      | Found a sand-covered staircase.
  6026 | Ossuary  | Entered an ossuary
  6884 | D:4      | Your scales start taking on a pale cyan-grey colour.
  6884 | D:4      | Reached XP level 7. HP: 6/56 MP: 6/11
  6884 | D:4      | Gained mutation: You are immune to the effects of steam.
                  | [Pale Draconian growth]
  7707 | D:5      | Entered Level 5 of the Dungeon
  8224 | D:5      | Reached skill level 5 in Unarmed Combat
  9075 | D:6      | Reached XP level 8. HP: 42/63 MP: 10/13
  9194 | D:6      | Reached skill level 5 in Transmutations
  9379 | D:6      | Reached skill level 6 in Unarmed Combat
  9486 | D:6      | Noticed a red ugly thing
  9504 | D:6      | Demolished by a red ugly thing

Illustrated notes

Levels and vault maps discovered:
D:1:      lightli_iron_boxes, layout_loops_ring
D:2:      minmay_skewed_foursquare, layout_basic, nicolae_ecumenical_oubliette,
          chequers_mini_garden, lemuel_another_geyser, uniq_natasha
D:3:      layout_loops_ring
D:4:      layout_loops_ring, enter_ossuary_5, minmay_strange_pillars,
          grunt_ministairs_15, mrwooster_statue_mirror
D:5:      layout_loops_corners, solitary_fountain
D:6:      layout_basic

Skill      XL: |  1  2  3  4  5  6  7  8 |
---------------+-------------------------+-----
Dodging        | 2 3 |  3.6
Fighting       | 2 3 |  3.9
Transmutations | 3 4 5 |  5.4
Poison Magic   | 1 2 |  2.0
Unarmed Combat | 4 5 6 |  6.0
Ice Magic      | 1 3 4 |  4.1
Spellcasting   | 3 |  3.8

Action                   |  1- 3 |  4- 6 |  7- 9 || total
-------------------------+-------+-------+-------++-------
Melee: Unarmed           |    94 |   296 |   114 ||   504
       Tailslap          |     6 |    18 |     3 ||    27
       Headbutt          |     6 |    17 |       ||    23
       Punch             |     3 |     4 |     1 ||     8
       Kick              |     6 |    28 |       ||    34
 Cast: Beastly Appendage |    16 |    19 |       ||    35
       Spider Form       |       |    17 |     9 ||    26
       Ice Form          |       |       |     6 ||     6
 Abil: Breathe Steam     |       |       |     4 ||     4
  Use: Scroll            |     2 |     6 |     3 ||    11
       Potion            |     1 |     2 |     1 ||     4
 Stab: Sleeping          |     1 |       |       ||     1
Armor: Skin              |    47 |    55 |    20 ||   122
Dodge: Dodged            |    88 |   208 |    84 ||   380

Table legend: (Time is in decaauts)
 A = Elapsed time spent in this place.
 B = Non-inter-level travel time spent in this place.
 C = Inter-level travel time spent in this place.
 D = Time resting spent in this place.
 E = Time spent auto-exploring this place.
 F = Levels seen in this place.
 G = Mean time per level.
                   A        B        C        D        E       F      G
               +--------+--------+--------+--------+--------+-----+--------+
         Total |   9469 |   9179 |    290 |   1585 |   6241 |   7 | 1352.7 |
       Dungeon |   8659 |   8369 |    290 |   1354 |   5833 |   6 | 1443.2 |
       Ossuary |    809 |    809 |      0 |    231 |    408 |   1 |  809.0 |
               +--------+--------+--------+--------+--------+-----+--------+

Top non-repeatable levels by time:
     D:1: 2751 daAuts
     D:2: 1580 daAuts
     D:3: 1462 daAuts
     D:5: 1156 daAuts
     D:4: 1077 daAuts
 Ossuary: 809 daAuts
     D:6: 630 daAuts
